[Event "Late-Titled-Tuesday-Blitz-February-20-2024"]
[Site "Chess.com"]
[Date "2024.02.20"]
[Round "7"]
[White "sansanathalia"]
[Black "Resignify"]
[Result "0-1"]
[WhiteElo "2373"]
[BlackElo "2247"]
[TimeControl "180+1"]
[EndTime "15:19:29 PST"]
[Termination "Resignify won by resignation"]

1. e4 d6 2. d4 Nf6 3. Nc3 g6 4. Nf3 Bg7 5. Be2 O-O 6. O-O c6 7. Bf4 b5 8. a3 Bb7 9. h3 a6 10.
Bd3 Nbd7 11. Re1 Nb6 12. b3 Nfd7 13. a4 b4 14. Na2 a5 15. Rb1 c5 16. dxc5 Nxc5 17.
Nc1 Bc3 18. Bd2 Bg7 19. Qe2 Rc8 20. Be3 Nbd7 21. Bd4 Ne5 22. Bxe5 dxe5 23. Rd1 Qc7 24. Na2 Ne6 25. Bc4 Nd4 26. Nxd4 exd4 27. Nc1 Bc6 28. Bd3 e5 29. Qe1 Bh6 30. Ne2 Qb7 31. Ng3 Bf4 32. Qe2 h5 33. h4 Kg7 34. Qf3 Qe7 35. Ne2 Bh6 36. Qg3 Qf6 37. Kh1 Rfe8 38.
Ng1 Bf4 39. Qh3 Rc7 40. g3 Bd7 41. Qg2 Bh6 42. Ne2 Rec8 43. f3 Rc5 44. Rf1 Qe6 45. Kg1 Qh3 46. Qxh3 Bxh3 47. Rfd1 Be6 48. f4 f6 49. Kf2 R8c7 50. Kg2 Kf7 51. fxe5 fxe5 52. Rf1+ Kg7 53. Rf2 Be3 54. Rff1 Bg4 55. Ng1 Bxg1 56.
Kxg1 Rf7 57. Rxf7+ Kxf7 58. Rf1+ Ke7 59. Bc4 Be6 60.
Bd3 Rc7 61. Kg2 Rc8 62. Rf3 Rf8 63. Kf2 Bg4 64. Rxf8 Kxf8 65. Be2 Be6 66. g4 hxg4 67. Kg3 Kg7 68. Bxg4 Bf7 69. Bc8 Kf6 70. Kg4 Bg8 71. Bd7 Bf7 72. Bc6 Bg8 73. h5 Be6+ 74. Kh4 gxh5 75. Kxh5 Bf7+ 76. Kh4 Bg6 77. Kg3 Bf7 78. Bd5 Bxd5 79. exd5 Ke7 80. Kf3 Kd7 81. Kg4 Kd6 82.
Kf3 Kxd5 83. Kg3 e4 84. Kf4 e3 85. Kf3 Ke5 86. Kg3 Ke4 87. Kg2 d3 88. cxd3+ Kxd3 89. Kf1 Kd2 90. Kg2 e2 91. Kf3 e1=Q 92. Kf4 Qe3+ 93.
Kf5 Qxb3 94. Kf6 Qxa4 0-1

[Event "Late-Titled-Tuesday-Blitz-February-20-2024"]
[Site "Chess.com"]
[Date "2024.02.20"]
[Round "7"]
[White "KaydenTroffChess"]
[Black "DefiantChair"]
[Result "0-1"]
[WhiteElo "2810"]
[BlackElo "2619"]
[TimeControl "180+1"]
[EndTime "15:19:43 PST"]
[Termination "DefiantChair won by resignation"]

1. d4 Nf6 2. Nf3 d5 3. Bf4 c5 4. e3 Nc6 5. Nc3 a6 6. dxc5 e6 7. Na4 Bxc5 8. Nxc5 Qa5+ 9. c3 Qxc5 10. Bd3 O-O 11. O-O Qe7 12. Ne5 Nxe5 13. Bxe5 Nd7 14.
Bg3 Nc5 15. Bc2 b5 16. b4 Nd7 17. a4 Bb7 18. axb5 axb5 19. Qd3 f5 20. Qxb5 Nf6 21. Be5 Ne4 22. Qb6 Qd7 23. Qd4 Rfc8 24. Rxa8 Bxa8 25. Bxe4 fxe4 26. Ra1 Bc6 27. Ra7 Ra8 28. Rxa8+ Bxa8 29. h4 Bc6 30. f3 exf3 31. gxf3 h6 32. Kf2 Qf7 33. Qc5 Bb7 34. b5 d4 35. f4 d3 36. Qd4 Qg6 37. e4 Bxe4 38. Ke3 Bf5 39. Qd8+ Kh7 40. Kd4 d2 41. Ke3 Qg1+ 42. Kxd2 Qf2+ 43.
Kd1 Bc2+ 44. Kc1 Bf5 45. Qd1 Qc5 46. Qe2 Qg1+ 47. Kd2 Qa1 48. Bd4 Qb2+ 49. Ke3 Qc1+ 50. Kf3 Qh1+ 51. Ke3 Qe4+ 52. Kd2 Qb1 53. Qe5 Qd3+ 54.
Ke1 Qg3+ 55. Kd2 Qd3+ 56. Ke1 Qg3+ 57. Bf2 Qf3 58. Qe3 Qd5 59. Qe5 Qf3 60. Bc5 Qg3+ 61. Kd2 Qxh4 62. Bd4 Qh2+ 63. Kd1 Qc2+ 64. Ke1 Qg2 65. b6 h5 66. Qe2 Qg3+ 67. Kd2 Qxf4+ 68. Qe3 Qb8 69. Qg5 Qh2+ 70. Ke3 Qh3+ 71. Kf2 Qh2+ 72. Ke1 Qh1+ 73. Kd2 Qh2+ 74. Ke3 Qh3+ 75. Kf2 Qh2+ 76. Qg2 Qf4+ 77. Ke1 Bg4 78. Qc2+ g6 79. Qd3 Qc1+ 80. Kf2 Qf4+ 81. Kg1 h4 82. Qe3 Qf5 83. Qe5 Qxe5 84. Bxe5 Bf3 85. Kh2 g5 86. c4 Kg6 87. Kg1 Kf5 88. Bd6 Bb7 89. Be7 e5 90. Kf2 e4 91.
Bc5 g4 92. Be7 g3+ 93. Kg1 Kg4 94. Bc5 h3 95. Kf1 e3 96. Bxe3 h2 97. Ke2 h1=Q 98.
Kd3 Qe4+ 99. Kd2 Kf3 100. c5 Qxe3+ 101. Kc2 Be4+ 0-1

[Event "Late-Titled-Tuesday-Blitz-February-20-2024"]
[Site "Chess.com"]
[Date "2024.02.20"]
[Round "7"]
[White "Fandorine"]
[Black "Phamtrangiaphuc2009"]
[Result "1/2-1/2"]
[WhiteElo "2910"]
[BlackElo "2414"]
[TimeControl "180+1"]
[EndTime "15:19:54 PST"]
[Termination "Game drawn by agreement"]

1. d4 Nf6 2. c4 e6 3. Nc3 Bb4 4. Nf3 c5 5. dxc5 Na6 6. g3 Nxc5 7. Bg2 Nce4 8. O-O Bxc3 9. bxc3 O-O 10. Ba3 d6 11. Qc2 Qc7 12. Nd2 Nc5 13. Nb3 Rb8 14. Rfd1 Bd7 15. Rxd6 Qxd6 16. Bxc5 Qc7 17. Bxf8 Rxf8 18. c5 Ba4 19. Qd3 Rd8 20. Qc4 Bc6 21.
Bxc6 Qxc6 22. Rb1 b6 23. f3 Rc8 24. Qa6 Nd5 25. Rc1 bxc5 26. Qxc6 Rxc6 27. c4 Nb6 28. Rd1 g6 29. Rd8+ Kg7 30. Na5 Rc7 31. Kf2 Kf6 32. f4 Ke7 33. Rh8 h5 34. e4 Rd7 35.
Ke2 Kf6 36. Rh7 e5 37. h4 exf4 38. gxf4 Rd4 39. e5+ Ke6 40. Nb7 Rxc4 41. Nd8+ Kd7 42. Nxf7 Rxf4 43. Ng5+ Kc6 44. e6 Nd5 45. Rxa7 Rxh4 46.
e7 Rh2+ 47. Kd3 c4+ 48. Kxc4 Re2 49. Ra6+ Nb6+ 50. Kd4 Rxe7 51. Nf3 Kb5 52. Ra3 Rd7+ 53. Ke4 Nc4 54. Rb3+ Kc5 55. Rb8 Re7+ 56. Kf4 Rf7+ 57. Kg3 Ne3 58. Rc8+ Kd6 59. Rd8+ Kc7 60. Rd3 Nf5+ 61.
Kh3 Rg7 62. Rc3+ Kd6 63. Rd3+ Ke6 64. Ra3 g5 65. Ra6+ Kd5 66. Ra5+ Ke4 67. Nd2+ Kf4 68. Ra4+ Ke3 69. Nc4+ Kf2 70. Ne5 Ne3 71. Ra8 g4+ 72. Kh4 g3 73. Rf8+ Ke2 74. Nf3 g2 75. Ng1+ Ke1 76. Kxh5 Rd7 77. Kh4 Rd2 78. Kg3 Nf1+ 79. Kh3 Rf2 80. Re8+ Kd2 81. Rd8+ Ke3 82. Re8+ Kd3 83.
Rd8+ Kc3 84. Rc8+ Kb2 85. a4 Ne3 86. Rb8+ Ka3 87. Re8 Nf5 88. a5 Rf4 89. a6 Ra4 90. Ra8 Nd6 91. a7 Nb5 92. Kxg2 Nxa7 93. Rxa7 Rxa7 94.
Nf3 Rg7+ 95. Kf2 Kb3 96. Ke3 Kc3 97. Ke4 Rf7 98. Ng5 Re7+ 99. Kf4 Kd4 100. Nf3+ Kd5 101. Nd2 Rf7+ 102. Ke3 Re7+ 103. Kd3 Rh7 104. Ke3 Rh2 105. Nf3 Rh3 1/2-1/2

[Event "Late-Titled-Tuesday-Blitz-February-20-2024"]
[Site "Chess.com"]
[Date "2024.02.20"]
[Round "7"]
[White "djano"]
[Black "ahkashefi2800"]
[Result "0-1"]
[WhiteElo "2645"]
[BlackElo "2559"]
[TimeControl "180+1"]
[EndTime "15:19:56 PST"]
[Termination "ahkashefi2800 won by resignation"]

1. e4 c6 2. d4 d5 3. exd5 cxd5 4. Bd3 Nc6 5. c3 Nf6 6. Bf4 g6 7. Nf3 Bf5 8. Ne5 Bxd3 9. Nxd3 Bg7 10. O-O O-O 11.
Re1 e6 12. h3 Rc8 13. Nd2 Qb6 14.
Qb3 Nd7 15. Bh2 Qa6 16. Re3 Bh6 17. Bf4 Bxf4 18. Nxf4 Na5 19. Qd1 Nc4 20. Nxc4 Qxc4 21. h4 Qc7 22. g3 Nf6 23. Qf3 Ne4 24. Kg2 Qb6 25. Nd3 Nd2 26. Qf4 Nc4 27. Re2 Qc7 28. Qf6 Qd8 29. Qf4 Qc7 30. Qh6 Nd6 31. g4 Rce8 32.
h5 Qe7 33. Ne5 f6 34. hxg6 fxe5 35. dxe5 Ne4 36. f3 Nc5 37. Rh1 Nd3 38. Kg3 Qg7 39. Qxh7+ Qxh7 40. Rxh7 Nf4 41. Reh2 Nxg6 42. Rxb7 Nxe5 43.
f4 Nf7 44. Rxa7 Ra8 45. Rxa8 Rxa8 46. a3 Nd6 47. Kf3 Nc4 48. f5 e5 49. g5 Rb8 50.
Kg4 Ne3+ 51. Kh5 Nxf5 52. Kg6 Ng3 53. Kf6 Re8 54. g6 Ne4+ 55. Kf5 Nd6+ 56. Kf6 e4 57. g7 Nf7 58. Rd2 e3 59. Re2 Ne5 60. Kf5 Nc4 61.
Kf4 Re4+ 62. Kf3 Ne5+ 63. Kg3 Kxg7 64. b3 Kf7 65. a4 Ke7 66. a5 Kd7 67. b4 Kc6 68.
Kg2 Kb5 69. Kf1 Ka6 70. Ra2 Nc4 71. Ke2 Rf4 72. Kd3 Rf1 73. Re2 Rd1+ 74. Kc2 Rd2+ 75.
Rxd2 exd2 76. Kd1 Kb5 77. Kc2 Kc6 78. Kd1 Kd6 79. Kc2 Kc6 80. Kd1 Kb5 81. Kc2 Ka4 82.
a6 Kb5 83. a7 Nb6 84. Kxd2 Ka6 85. Kd3 Kxa7 86. Kd4 Ka6 87. Kc5 Kb7 88. Kd6 Kb8 89.
Kc6 Ka7 90. Kd6 Kb7 91. Kc5 Kc7 92. b5 Kb7 93. Kd6 Kb8 94. Kc6 Ka7 95. Kd6 Kb7 96.
Ke6 Kc7 97. Ke7 Na4 98. b6+ Kxb6 99. Kd6 Nxc3 100. Ke5 Kc5 0-1

[Event "Late-Titled-Tuesday-Blitz-February-20-2024"]
[Site "Chess.com"]
[Date "2024.02.20"]
[Round "7"]
[White "Eloist"]
[Black "IMRosen"]
[Result "1/2-1/2"]
[WhiteElo "2474"]
[BlackElo "2676"]
[TimeControl "180+1"]
[EndTime "15:20:15 PST"]
[Termination "Game drawn - insufficient material"]

1. e4 c5 2. Nf3 Nc6 3. Bb5 e6 4.
Bxc6 bxc6 5. d3 Ne7 6. Qe2 Ng6 7. h4 f6 8. h5 Ne5 9. Nxe5 fxe5 10. Qg4 d6 11. c4 Qf6 12. Bg5 Qf7 13. Rh3 Be7 14.
Rf3 Bf6 15. h6 Qg6 16. hxg7 Bxg7 17. Qh4 Rb8 18. b3 Rb7 19. Nc3 Rf7 20. Rxf7 Qxf7 21. Ke2 h6 22. Be3 Kd7 23. a3 Bf6 24. Qh3 Kc7 25. b4 cxb4 26. axb4 a6 27. b5 d5 28. Bc5 d4 29. Nb1 cxb5 30. cxb5 Bg5 31.
bxa6 Kc6 32. Bb4 Kb5 33. Bd2 Bxa6 34. Bxg5 Rc8 35. Bd2 Kb6 36. Na3 Kb7 37. Qh1 Rf8 38. Qb1+ Kc8 39. f3 Qc7 40. Qc2 Qxc2 41. Nxc2 Bb7 42. Nb4 Rg8 43. Rc1+ Kd7 44. g4 h5 45. Rg1 Bc6 46. g5 Bb5 47. g6 Ke7 48.
f4 exf4 49. Bxf4 Kf6 50. Bd6 Rxg6 51. e5+ Kf5 52. Rxg6 Kxg6 53. Bc5 Kf5 54. Bxd4 h4 55. Kf3 h3 56. Kg3 h2 57. Kxh2 Kf4 58. Kg2 Kg4 59. Kf2 Kf4 60. Ke2 Ba4 61. Kd2 Bb3 62. Na6 Bd5 63.
Nc5 Kf5 64. Ke3 Ba2 65. Bc3 Bd5 66. d4 Ba2 67. Nd3 Bd5 68. Nf4 Ba2 69. Ne2 Bc4 70. Bd2 Ba2 71. Ng3+ Kg4 72. Ne4 Kf5 73. Nc5 Bc4 74. Bc3 Bd5 75. Nd3 Bc4 76. Ne1 Bd5 77.
Nf3 Bc4 78. Nh4+ Kg4 79. Ng6 Kf5 80. Nf8 Ba2 81. Nd7 Bd5 82. Nb6 Bb3 83. Kd3 Kf4 84. Nd7 Kf5 85. Ke3 Bc4 86. Nb6 Bb3 87. Nc8 Ba2 88.
Nd6+ Kg4 89. Ke4 Bd5+ 90. Ke3 Ba2 91. Ba5 Bd5 92. Bd8 Ba2 93. Bf6 Bb3 94. Ne8 Kf5 95.
Nc7 Bc4 96. Kd2 Ke4 97. Kc3 Ba2 98. Be7 Kf5 99. Bc5 Ke4 100. Kb4 Kf5 101. Kb5 Bb3 102. Kc6 Kg6 103. Kd6 Kf7 104. Kd7 Ba2 105. Kd6 Bb3 106. d5 exd5 107. e6+ Kf6 108. e7 Ba4 109. Nxd5+ Kf7 110. Nb6 Be8 111. Kc7 Kf6 112. Kd8 Bf7 113. Nd5+ Ke5 114.
Nc7 Bg6 115. Kd7 Bf7 116. Bd6+ Kf6 117. Bh2 Bg6 118. Bd6 Bf5+ 119. Kd8 Bg6 120. Nd5+ Ke6 121. Nc7+ Kxd6 122. e8=Q Bxe8 1/2-1/2

[Event "Late-Titled-Tuesday-Blitz-February-20-2024"]
[Site "Chess.com"]
[Date "2024.02.20"]
[Round "7"]
[White "MrKGG1"]
[Black "Abund"]
[Result "1/2-1/2"]
[WhiteElo "2598"]
[BlackElo "2784"]
[TimeControl "180+1"]
[EndTime "15:20:27 PST"]
[Termination "Game drawn by repetition"]

1. e4 c6 2. d3 d5 3. Nd2 e5 4. Ngf3 Bd6 5. g3 Nf6 6. Bg2 O-O 7. O-O Re8 8. Qe2 Nbd7 9. b3 a5 10. a4 Nf8 11. Bb2 Ng6 12. Rfe1 h6 13. Rad1 Bb4 14. c3 Bd6 15. Nf1 Qb6 16. Qc2 Be6 17. N3d2 Bc5 18. Re2 Ng4 19. d4 exd4 20. cxd4 Bxd4 21. Bxd4 Qxd4 22.
h3 Nf6 23. Nf3 Qb6 24. e5 Nd7 25. Nd4 Ngxe5 26. f4 Ng6 27. Kh2 Ne7 28. f5 Nxf5 29. Nxf5 Bxf5 30. Rxe8+ Rxe8 31. Qxf5 Nf6 32. Qd3 Nd7 33.
Nd2 Nc5 34. Qd4 Re2 35. Kh1 Qb4 36. Qxb4 axb4 37. Kg1 Re3 38. Rb1 Rxg3 39. Kf2 Rd3 40. Ke2 Rg3 41. Bf1 Rc3 42. Kd1 Rg3 43. Rc1 Nxb3 44.
Nxb3 Rxb3 45. a5 Ra3 46. a6 bxa6 47. Rxc6 a5 48. Be2 g6 49. Rc5 d4 50. Rd5 Rxh3 51. Rxd4 b3 52. Rd8+ Kg7 53. Rb8 a4 54. Kc1 Rh1+ 55.
Kb2 Rh2 56. Re8 h5 57. Ka3 Rh4 58. Bb5 Rf4 59. Bxa4 h4 60. Bxb3 h3 61. Re3 Rh4 62. Bd5 h2 63. Re1 Rg4 64. Re2 Rh4 65. Bh1 f5 66. Kb3 g5 67. Kc3 Kf6 68. Kd3 g4 69. Ke3 Kg5 70. Ra2 Rh3+ 71. Kf2 Rc3 72. Kg2 g3 73. Ra8 Kf4 74. Ra4+ Kg5 75. Ra8 f4 76. Rg8+ Kf5 77. Rf8+ Ke5 78. Re8+ Kd4 79. Rf8 Ke3 80.
Re8+ Kd2 81. Rf8 Ke3 82. Re8+ Kd2 83. Rf8 Rc4 84. Rd8+ Ke3 85. Re8+ Re4 86. Ra8 Re5 87. Ra3+ Kd2 88. Ra2+ Kd3 89. Ra3+ Kc2 90. Ra4 Re1 91. Rxf4 Rg1+ 92. Kh3 Rxh1 93. Kxg3 Kd3 94. Rf2 Ke3 95. Rxh2 Rg1+ 96. Rg2 Ra1 97. Kh3 Ra8 98. Rg7 Kf3 99. Kh2 Rf8 100. Kg1 Rf6 101. Ra7 Kg3 102. Ra3+ Kg4 103.
Ra4+ Kf3 104. Ra3+ Ke4 105. Ra4+ Kf5 106. Ra5+ Kg6 107. Ra4 Rf5 108. Ra6+ Kg5 109. Ra2 Rf3 110. Rg2+ Kh4 111. Ra2 Kg3 112. Rb2 Ra3 113. Rb1 Kf3 114. Rc1 Kg3 115. Rf1 Rd3 116. Re1 Rb3 117. Rc1 Ra3 118. Rd1 Rc3 119.
Rb1 Rd3 120. Rc1 Rb3 121. Rd1 Rc3 122. Re1 Ra3 123. Rb1 Rd3 124. Rc1 Ra3 1/2-1/2

[Event "Late-Titled-Tuesday-Blitz-February-20-2024"]
[Site "Chess.com"]
[Date "2024.02.20"]
[Round "8"]
[White "HalfIsCrayfish"]
[Black "GoltsevDmitry2000"]
[Result "0-1"]
[WhiteElo "2536"]
[BlackElo "2766"]
[TimeControl "180+1"]
[EndTime "15:21:37 PST"]
[Termination "GoltsevDmitry2000 won by resignation"]

1. e4 e6 2. Nc3 d5 3. exd5 exd5 4. d4 Nf6 5. Bd3 c5 6. dxc5 Bxc5 7. Nf3 O-O 8. O-O Nc6 9. h3 Qd6 10. Bg5 h6 11.
Bh4 g5 12. Bg3 Qxg3 0-1

[Event "Late-Titled-Tuesday-Blitz-February-20-2024"]
[Site "Chess.com"]
[Date "2024.02.20"]
[Round "8"]
[White "GolfBeforeChess"]
[Black "Cambek64"]
[Result "0-1"]
[WhiteElo "2301"]
[BlackElo "2441"]
[TimeControl "180+1"]
[EndTime "15:22:06 PST"]
[Termination "Cambek64 won by resignation"]

1. Nf3 b5 2. e4 Bb7 3. Bd3 e6 4. Qe2 a6 5. c3 c5 6. Bc2 Nc6 7. d4 cxd4 8. cxd4 Nb4 9. Bb3 Rc8 10. a3 Rxc1+ 0-1

[Event "Late-Titled-Tuesday-Blitz-February-20-2024"]
[Site "Chess.com"]
[Date "2024.02.20"]
[Round "8"]
[White "Oleksandr_Bortnyk"]
[Black "MKlose11"]
[Result "1-0"]
[WhiteElo "3059"]
[BlackElo "2619"]
[TimeControl "180+1"]
[EndTime "15:22:59 PST"]
[Termination "Oleksandr_Bortnyk won by checkmate"]

1. e4 e6 2. d4 d5 3. Nc3 Bb4 4. Qd3 Ne7 5. e5 c5 6. a3 Ba5 7. dxc5 Bxc3+ 8. Qxc3 a5 9. Nf3 O-O 10. Bd3 Nbc6 11. Bxh7+ Kxh7 12. Ng5+ Kg8 13. Qh3 Re8 14.
Qh7+ Kf8 15. Qh8+ Ng8 16. Nh7+ Ke7 17. Bg5+ f6 18. Qxg7# 1-0

[Event "Late-Titled-Tuesday-Blitz-February-20-2024"]
[Site "Chess.com"]
[Date "2024.02.20"]
[Round "8"]
[White "LuckyTiger"]
[Black "CarlosjPineror"]
[Result "1-0"]
[WhiteElo "2781"]
[BlackElo "2580"]
[TimeControl "180+1"]
[EndTime "15:23:19 PST"]
[Termination "LuckyTiger won by checkmate"]

1. e4 c5 2. Nf3 e6 3. d3 Nc6 4. g3 d5 5. Qe2 Nf6 6. Bg2 Be7 7. O-O O-O 8. e5 Nd7 9. c4 Nb6 10. h4 dxc4 11. dxc4 Nd4 12. Nxd4 Qxd4 13. Na3 Qd8 14.
Rd1 Qc7 15. Nb5 Qb8 16. Bg5 f6 17. Bf4 f5 18. Bg5 Bxg5 19. hxg5 Bd7 20. Nd6 Bc6 21.
Bxc6 bxc6 22. f4 Nc8 23. b3 Rd8 24. Nxf5 Rxd1+ 25. Rxd1 exf5 26. Rd8+ Kf7 27. Qh5+ Ke7 28. Qe8# 1-0

[Event "Late-Titled-Tuesday-Blitz-February-20-2024"]
[Site "Chess.com"]
[Date "2024.02.20"]
[Round "8"]
[White "miraitrunks"]
[Black "Bala-Afiada"]
[Result "1-0"]
[WhiteElo "2197"]
[BlackElo "1959"]
[TimeControl "180+1"]
[EndTime "15:23:52 PST"]
[Termination "miraitrunks won by resignation"]

1. d4 Nf6 2. c4 e6 3. Nf3 d5 4.
Nc3 c6 5. cxd5 exd5 6. Bg5 Be7 7.
e3 O-O 8. Bd3 Nbd7 9. O-O h6 10.
Bh4 Re8 11. Rb1 Nf8 12. b4 Ne6 13. b5 Nh5 14. Bxe7 Qxe7 15. bxc6 bxc6 16. Qa4 Bd7 17. Rfc1 c5 18. Qa3 c4 19. Qxe7 Rxe7 20. Nxd5 Ree8 21.
Bxc4 Rac8 22. Bb3 Bb5 23. g4 Nf6 24. Nxf6+ gxf6 25. Rxc8 Rxc8 26. Bxe6 Bd3 27. Bxc8 Bxb1 28. a3 1-0

[Event "Late-Titled-Tuesday-Blitz-February-20-2024"]
[Site "Chess.com"]
[Date "2024.02.20"]
[Round "8"]
[White "NowInChess"]
[Black "morte-negra"]
[Result "1-0"]
[WhiteElo "2274"]
[BlackElo "2012"]
[TimeControl "180+1"]
[EndTime "15:24:13 PST"]
[Termination "NowInChess won by resignation"]

1. e4 c5 2. d3 Nc6 3. g3 g6 4. Bg2 Bg7 5. f4 e6 6. Nf3 Nge7 7.
O-O d5 8. c3 O-O 9. e5 h5 10. d4 cxd4 11. cxd4 Nf5 12. Nc3 Qb6 13. Ne2 Re8 14. h3 Bf8 15. g4 hxg4 16. hxg4 Nh6 17.
Bh3 a5 18. Rb1 a4 19. Be3 Nb4 20. a3 Na6 21. Nc3 Bd7 22. Nxa4 Bxa4 23. Qxa4 Nc5 24.
dxc5 Bxc5 25. Bxc5 Qxc5+ 26. Qd4 1-0

[Event "Late-Titled-Tuesday-Blitz-February-20-2024"]
[Site "Chess.com"]
[Date "2024.02.20"]
[Round "8"]
[White "mirciulica14"]
[Black "SHIVACalypso"]
[Result "1-0"]
[WhiteElo "2655"]
[BlackElo "2498"]
[TimeControl "180+1"]
[EndTime "15:24:42 PST"]
[Termination "mirciulica14 won by resignation"]

1. Nf3 Nf6 2. b3 g6 3. Bb2 Bg7 4. g3 O-O 5. Bg2 d5 6. c4 c6 7.
O-O Re8 8. d3 Nbd7 9. Nbd2 e5 10.
cxd5 cxd5 11. e4 d4 12. Nc4 Nc5 13. b4 b5 14. Ncxe5 Na4 15. Bxd4 Bb7 16. Rc1 a5 17.
bxa5 Qxa5 18. Nc6 Bxc6 19. Rxc6 Rad8 20. Bxf6 1-0

[Event "Late-Titled-Tuesday-Blitz-February-20-2024"]
[Site "Chess.com"]
[Date "2024.02.20"]
[Round "8"]
[White "Sanyura"]
[Black "Grischuk"]
[Result "0-1"]
[WhiteElo "2615"]
[BlackElo "3049"]
[TimeControl "180+1"]
[EndTime "15:24:52 PST"]
[Termination "Grischuk won by resignation"]

1. e4 c5 2. Nf3 d6 3. d4 cxd4 4.
Nxd4 Nf6 5. Nc3 a6 6. g3 e5 7. Nb3 Be7 8. Bg2 O-O 9. O-O b5 10. a4 b4 11. Nd5 Nxd5 12. exd5 a5 13.
Bd2 Bg5 14. c3 Bxd2 15. Qxd2 bxc3 16. Qxc3 Nd7 17. Rfc1 Nf6 18. Qc7 Bf5 19. Nd2 Bd3 20.
Ra3 Ba6 21. Rb3 Rc8 0-1

[Event "Late-Titled-Tuesday-Blitz-February-20-2024"]
[Site "Chess.com"]
[Date "2024.02.20"]
[Round "8"]
[White "CFalcons8"]
[Black "Navyblue1"]
[Result "1-0"]
[WhiteElo "2425"]
[BlackElo "2215"]
[TimeControl "180+1"]
[EndTime "15:25:15 PST"]
[Termination "CFalcons8 won by resignation"]

1. c4 Nf6 2. Nf3 d5 3. d4 g6 4. Nc3 Bg7 5. cxd5 Nxd5 6. e4 Nxc3 7. bxc3 c5 8. Be2 Nc6 9. Be3 Bg4 10. e5 O-O 11. O-O cxd4 12. cxd4 Qd7 13. Qd2 Rfd8 14. Rfd1 Qd5 15. Rac1 Be6 16. Bc4 Qe4 17. Bxe6 fxe6 18.
Qe2 Rd5 19. Ng5 Qh4 20. g3 Qh5 21. Qxh5 gxh5 22. Nxe6 Kf7 23. Nc7 1-0

[Event "Late-Titled-Tuesday-Blitz-February-20-2024"]
[Site "Chess.com"]
[Date "2024.02.20"]
[Round "8"]
[White "BardArtem"]
[Black "Pelusiansky"]
[Result "1-0"]
[WhiteElo "2777"]
[BlackElo "2571"]
[TimeControl "180+1"]
[EndTime "15:25:19 PST"]
[Termination "BardArtem won by resignation"]

1. e4 c6 2. d4 d5 3. exd5 cxd5 4. Bd3 Nc6 5. c3 Nf6 6. h3 e6 7. Bf4 Bd6 8. Bxd6 Qxd6 9. Nf3 O-O 10. O-O Ne4 11. Nbd2 f5 12. Re1 Bd7 13. Bb5 Ne7 14.
Bxd7 Qxd7 15. Ne5 Qc7 16. f3 Ng3 17. Nf1 Nh5 18. Qd2 f4 19. Nd3 Rf6 20. Re5 g6 21. Rae1 Ng7 22. Nxf4 Qd6 23. Nd3 b6 24. Ne3 h5 25.
Nc2 Ngf5 26. Qg5 Kg7 27. Nf4 Nc6 28. Nxh5+ 1-0

[Event "Late-Titled-Tuesday-Blitz-February-20-2024"]
[Site "Chess.com"]
[Date "2024.02.20"]
[Round "8"]
[White "giomar27"]
[Black "Ze-Pequeno"]
[Result "0-1"]
[WhiteElo "2432"]
[BlackElo "2254"]
[TimeControl "180+1"]
[EndTime "15:25:24 PST"]
[Termination "Ze-Pequeno won by resignation"]

1. d4 Nf6 2. Nc3 d5 3. Bf4 c5 4.
e4 dxe4 5. d5 a6 6. a4 e6 7. d6 Nc6 8. f3 e5 9. Bg5 exf3 10.
Nxf3 Qxd6 11. Bd3 Be7 12. O-O Bg4 13. h3 Bh5 14. Qe1 O-O 15. Kh1 Nb4 16. Be4 Nxe4 17. Nxe4 Qc7 18. Qh4 Bxg5 19. Qxh5 Bf4 20. g3 f5 21.
Nfg5 Bxg5 22. Nxg5 h6 23. Ne6 Qc6+ 24. Kh2 Qxe6 25.
Rae1 Nxc2 26. Re2 Nd4 27. Ref2 e4 0-1

[Event "Late-Titled-Tuesday-Blitz-February-20-2024"]
[Site "Chess.com"]
[Date "2024.02.20"]
[Round "8"]
[White "MagnusCarlsen"]
[Black "Sargsyan_Shant"]
[Result "1-0"]
[WhiteElo "3326"]
[BlackElo "2905"]
[TimeControl "180+1"]
[EndTime "15:25:35 PST"]
[Termination "MagnusCarlsen won on time"]

1. Nc3 Nc6 2. d4 d5 3. e4 dxe4 4. Bf4 Nf6 5. d5 Nb4 6. Bc4 g6 7. a3 Na6 8. f3 e3 9. Qd3 Bg7 10.
O-O-O O-O 11. Qxe3 b6 12. Nge2 Bb7 13. h4 Nc5 14. h5 Re8 15. hxg6 hxg6 16. Bh6 Bh8 17. Ng3 a6 18. Bf8 Rxf8 19. Rxh8+ Kxh8 20. Qh6+ Kg8 21. Rh1 Nh5 22. Rxh5 gxh5 23. Nf5 Ne6 24. dxe6 1-0

[Event "Late-Titled-Tuesday-Blitz-February-20-2024"]
[Site "Chess.com"]
[Date "2024.02.20"]
[Round "8"]
[White "Herman-NY"]
[Black "elchacal664"]
[Result "1-0"]
[WhiteElo "2511"]
[BlackElo "2368"]
[TimeControl "180+1"]
[EndTime "15:25:37 PST"]
[Termination "Herman-NY won by checkmate"]

1. e4 d5 2. exd5 Qxd5 3. Nc3 Qd6 4. d4 a6 5. Nf3 Nf6 6. g3 b5 7. Bg2 Bb7 8. O-O e6 9. Bf4 Qb6 10. Re1 Bb4 11. d5 Bxc3 12. dxe6 Bxe1 13. exf7+ Kxf7 14. Ng5+ Kg6 15. Qd3+ Kh5 16. Rxe1 Bxg2 17. Kxg2 Qc6+ 18. f3 Rf8 19. Qf5 Qd7 20. Ne6+ g5 21. Qxg5# 1-0

[Event "Late-Titled-Tuesday-Blitz-February-20-2024"]
[Site "Chess.com"]
[Date "2024.02.20"]
[Round "8"]
[White "Mikasinski"]
[Black "Zkid"]
[Result "0-1"]
[WhiteElo "2680"]
[BlackElo "2931"]
[TimeControl "180+1"]
[EndTime "15:25:40 PST"]
[Termination "Zkid won by resignation"]

1. e4 c5 2. Nf3 d6 3. d4 cxd4 4. Nxd4 Nf6 5. Nc3 Nc6 6. Be2 g6 7. O-O Bg7 8. Be3 O-O 9. f4 Ng4 10. Bxg4 Bxg4 11. Qxg4 Nxd4 12. Qd1 Nc6 13. Qd2 Qa5 14.
Kh1 Rac8 15. Rf3 f5 16. exf5 Qxf5 17. Re1 Nb4 18. Bxa7 Rfe8 19. Ne4 Nxc2 20. Nxd6 exd6 21. Rxe8+ Rxe8 22. h3 Qe4 23. Kh2 Nd4 24. Rf1 Qe2 25. Qc1 Nf5 26. Rf2 Qd3 27. Rf3 Qd5 28. b3 h5 29. Bf2 Re2 30. a4 Nd4 31. Bxd4 Qxf3 0-1

[Event "Late-Titled-Tuesday-Blitz-February-20-2024"]
[Site "Chess.com"]
[Date "2024.02.20"]
[Round "8"]
[White "FairChess_on_YouTube"]
[Black "tptagain"]
[Result "1-0"]
[WhiteElo "3063"]
[BlackElo "2936"]
[TimeControl "180+1"]
[EndTime "15:25:41 PST"]
[Termination "FairChess_on_YouTube won by resignation"]

1. Nf3 c5 2. g3 b5 3. Bg2 Bb7 4. O-O Nf6 5. Na3 a6 6. c4 b4 7. Nc2 e6 8. b3 a5 9. d4 Be7 10. d5 exd5 11. Nh4 O-O 12. Nf5 Ne4 13. Nce3 Nc3 14.
Qc2 Bf6 15. Bb2 Bc6 16. Nxd5 Bxd5 17. Bxd5 Nxd5 18. cxd5 d6 19. e4 Re8 20. Rae1 Bxb2 21. Qxb2 f6 22. f4 Nd7 23. Nxd6 c4 24. Nxe8 c3 25.
Qf2 Qxe8 26. e5 Rc8 27. e6 Nc5 28. d6 Nd3 29. d7 1-0

[Event "Late-Titled-Tuesday-Blitz-February-20-2024"]
[Site "Chess.com"]
[Date "2024.02.20"]
[Round "8"]
[White "maroro07"]
[Black "el008"]
[Result "1-0"]
[WhiteElo "2433"]
[BlackElo "2530"]
[TimeControl "180+1"]
[EndTime "15:25:49 PST"]
[Termination "maroro07 won by checkmate"]

1. e4 e6 2. d4 d5 3. Nc3 Nf6 4. Bg5 Be7 5. e5 Nfd7 6. h4 h6 7. Bxe7 Qxe7 8. Qg4 Kf8 9. Rh3 a6 10. Rf3 c5 11. Rg3 Rg8 12. Nf3 cxd4 13. Qxd4 Nc6 14.
Qf4 Qb4 15. Qxb4+ Nxb4 16. O-O-O Nc6 17. Re1 f6 18. exf6 Nxf6 19. Bd3 Bd7 20. Na4 Rd8 21. Nc5 Ke7 22. Nxb7 Rb8 23. Nc5 a5 24. Bf5 Nd8 25. Nd4 Rb6 26. Rge3 Kf7 27. Nxd7 Nxd7 28.
Nxe6 Kf6 29. Bh3 Ne5 30. Rxe5 Nf7 31. Rf5+ Kg6 32. h5+ Kh7 33. Rxf7 a4 34. Bf5+ Kh8 35. Nxg7 a3 36. b3 Rbb8 37. Ne6 Rxg2 38. Nf4 Rxf2 39. Ng6+ Kg8 40. Ree7 Rf1+ 41. Kd2 Rf2+ 42. Ke1 Rxf5 43.
Rg7# 1-0

[Event "Late-Titled-Tuesday-Blitz-February-20-2024"]
[Site "Chess.com"]
[Date "2024.02.20"]
[Round "8"]
[White "DarkAlekhine"]
[Black "Msb2"]
[Result "0-1"]
[WhiteElo "2855"]
[BlackElo "3023"]
[TimeControl "180+1"]
[EndTime "15:25:50 PST"]
[Termination "Msb2 won by resignation"]

1. Nf3 d5 2. g3 e6 3. Bg2 Nf6 4. O-O Bd6 5. d3 O-O 6. Nbd2 Nc6 7. e4 dxe4 8. dxe4 e5 9. Qe2 b6 10. c3 a5 11. Rd1 Ba6 12. Qe1 Qe7 13. Bf1 Bxf1 14. Nxf1 Rfd8 15. a4 Bc5 16. Be3 Nxe4 17. Nh4 Qe6 18. Qe2 Bxe3 19. Nxe3 Nc5 20. Nhf5 g6 21.
Nh4 Kg7 22. Nf3 h6 23. h4 e4 24. Nd4 Nxd4 25. Rxd4 Rxd4 26. cxd4 Nd3 27. Qc2 Qf6 28.
Qxc7 Qxf2+ 0-1